 Dungeon Crawl Stone Soup version 0.19-a0-878-gfe7e43f (webtiles) character file.

390672 AlphabetPasta the Warrior (level 22, -3/140 HPs)
             Began as a Grey Draconian Fighter on July 1, 2016.
             Was the Champion of Okawaru.
             Killed from afar by a raiju (16 damage)
             ... with a living lightning
             ... on level 3 of the Abyss on July 3, 2016.
             The game lasted 06:35:45 (71441 turns).

AlphabetPasta the Warrior (Grey Draconian Fighter) Turns: 71441, Time: 06:35:46

Health: -3/140     AC: 22    Str: 26    XL:     22   Next: 8%
Magic:  45/45      EV: 23    Int: 13    God:    Okawaru [******]
Gold:   4407       SH: 28    Dex: 20    Spells: 4 memorised, 30 levels left

rFire  + . .     SeeInvis +     L - +7 demon trident "Kuviqy" {vamp, Int+2 Dex+2}
rCold  + . .     Gourm    .     (armour unavailable)
rNeg   . . .     Faith    .     A - +2 large shield
rPois  +         Spirit   .     l - +1 hat of Imiydut {rF+ MP+9 Str+4}
rElec  .         Dismiss  .     O - +0 cloak {rPois}
rCorr  .         Reflect  +     g - +2 pair of gloves {Dex+3}
SustAt .         Harm     .     s - +0 pair of boots {Stlth+}
MR     +....                    B - +4 amulet of reflection
Stlth  +++.......               I - ring of protection from cold
                                Y - ring of see invisible

@: exhausted, about to teleport, drained, somewhat resistant to hostile
enchantments, fairly stealthy
A: walk through water, unfitting armour, frail 3, unbreathing, no device heal 1,
cold-blooded, AC +16
a: Heroism, Finesse, Renounce Religion
}: 2/15 runes: decaying, serpentine


You were on level 3 of the Abyss.
You worshipped Okawaru.
Okawaru was exalted by your worship.
You were not hungry.

You visited 8 branches of the dungeon, and saw 39 of its levels.
You visited the Abyss 2 times.
You also visited: Labyrinth and Ice Cave.

You collected 4631 gold pieces.
You spent 224 gold pieces at shops.

Inventory:

Hand Weapons
 a - a +5 trident of protection
 e - the +10 demon trident of Strategic Superiority {flame, Int+6}
   (Okawaru gifted it to you on level 2 of the Elven Halls)

   It has been specially enchanted to burn those struck by it, causing extra
   injury to most foes and up to half again as much damage against particularly
   susceptible opponents.
   It affects your intelligence (+6).
 L - the +7 demon trident "Kuviqy" (weapon) {vamp, Int+2 Dex+2}
   (Okawaru gifted it to you on level 4 of the Vaults)

   It inflicts no extra harm, but heals its wielder somewhat when it strikes a
   living foe.
   It affects your intelligence (+2).
   It affects your dexterity (+2).
Missiles
 v - 5 javelins of returning (quivered)
Armour
 g - a +2 pair of gloves of dexterity (worn)
 l - the +1 hat of Imiydut (worn) {rF+ MP+9 Str+4}
   (Okawaru gifted it to you on level 6 of the Lair of Beasts)

   It affects your strength (+4).
   It protects you from fire.
   It affects your magic capacity (+9).
 s - a +0 pair of boots of stealth (worn)
 w - a +1 pair of gloves of strength
 A - a +2 large shield (worn)
 O - a +0 cloak of poison resistance (worn)
Jewellery
 k - the amulet of the Disturbing Wishes {RegenMP rElec MR+ Dex-4}
   (You acquired it on level 3 of the Snake Pit)

   [amulet of magic regeneration]

   It increases your magic regeneration.
   It affects your dexterity (-4).
   It insulates you from electricity.
   It affects your resistance to hostile enchantments.
 m - an uncursed ring of resist corrosion
 B - a +4 amulet of reflection (around neck)
 I - a ring of protection from cold (right hand)
 M - an uncursed ring of protection from fire
 T - a +5 ring of dexterity
 V - an uncursed ring of positive energy
 Y - a ring of see invisible (left hand)
Wands
 c - a wand of teleportation (1/9)
 j - a wand of lightning (8/15)
 t - a wand of flame (14/48)
 x - a wand of heal wounds (6/9)
 z - a wand of iceblast (6/15)
 F - a wand of digging (12/24)
 Q - a wand of acid (5/15)
 S - a wand of lightning (10/15)
Scrolls
 f - 2 scrolls of fog
 n - 3 scrolls of teleportation
 r - 2 scrolls of blinking
 u - 18 scrolls of remove curse
 y - 2 scrolls of recharging
 E - 8 scrolls of identify
 G - 3 scrolls of summoning
 H - 3 scrolls of fear
 N - 2 scrolls of silence
Potions
 b - a potion of cancellation
 i - 3 potions of curing
 o - 2 potions of invisibility
 q - a potion of resistance
 C - 9 potions of flight
 J - a potion of agility
 P - a potion of might
 U - 2 potions of cure mutation
Comestibles
 d - 19 bread rations
 h - 7 meat rations
 W - 9 slices of pizza


   Skills:
 * Level 17.9(16.9) Fighting
 - Level 15.2(14.3) Polearms
 + Level 14.6(13.6) Throwing
 + Level 15.0(14.1) Dodging
 * Level 17.6(16.6) Shields
 - Level 10.4(9.6) Spellcasting
 - Level 15.3(14.4) Earth Magic
 - Level 8.4(7.6) Invocations


You had 30 spell levels left.
You knew the following spells:

 Your Spells              Type           Power        Failure   Level  Hunger
a - Apportation           Tloc           #.........   38%         1    None
b - Leda's Liquefaction   Hex/Erth       ####......   17%         4    ####...
c - Passwall              Tmut/Erth      ####......   2%          2    None
d - Petrify               Tmut/Erth      ####....     17%         4    ####...


Dungeon Overview and Level Annotations

Branches:
Dungeon (15/15)            Temple (1/1) D:7            Lair (6/6) D:10
  Swamp (4/4) Lair:3        Snake (4/4) Lair:3        Slime (0/5) Lair:5
    Orc (2/2) D:12            Elf (3/3) Orc:2        Vaults (4/5) D:14
  Crypt (0/3) Vaults:2     Depths (0/5) D:15

Altars:
Ashenzari
Cheibriados
Dithmenos
Elyvilon
Fedhas
Gozag
Hepliaklqana
Kikubaaqudgha
Makhleb
Nemelex Xobeh
Okawaru
Pakellas
Qazlal
Ru
Sif Muna
Trog
Uskayaw
Vehumet
Xom
Yredelemnul
Zin
The Shining One
Beogh
Lugonu

Shops:
D:14 (   Orc:2 :%%*   Elf:2 (   Vaults:3 *   Vaults:4 ?

Annotations:
Snake:2 edsrzf's ghost, adept OgTm


Innate Abilities, Weirdness & Mutations

You can walk through water.
Your dull iron-grey scales are very hard. (AC +16)
Your body does not fit into most forms of armour.
You can survive without breathing.
You are cold-blooded and may be slowed by cold attacks.
[You are extremely frail. (-30% HP)]
[Potions and wands are less effective at restoring your health.]


Message History

A chorus of shrieks assaults your mind.
* * * LOW HITPOINT WARNING * * *
You block the raiju's attack.
You puncture the starcursed mass!
The starcursed mass is almost destroyed.
The starcursed mass shudders and is absorbed by its neighbour.
You block the starcursed mass's attack. You block the raiju's attack.
You puncture the starcursed mass!
You tail-slap the starcursed mass, but do no damage.
The starcursed mass is severely damaged.
The starcursed mass shudders and is absorbed by its neighbour.
The raiju completely misses you. You block the hungry ghost's attack.
Unknown command.
You impale the hungry ghost!!
The hungry ghost is almost destroyed.
The raiju bursts into living lightning!
The living lightning hits you!
* * * LOW HITPOINT WARNING * * *
The living lightning hits you!
You die...

.##.# .#
.##...
#..#...
#.#... ...
.. # ## . ..
#...#.. ..
.#..#......
. . . #
..#.....#
#......###
##..#X..##
.#W...### #
#@....#
#h#h#.## #.h
.#...
#.....#..#.#
...#. ... .
.. .##.## .#
.# # ..# #.
..# # #


You could see a starcursed mass, a hungry ghost and 3 raiju.

Vanquished Creatures
  Bai Suzhen (Swamp:3)
  A lich (Vaults:2)
  An Ice Fiend (IceCv)
  Asterion (Vaults:1)
  2 deep elf blademasters (Elf:2)
  4 sphinxes
  A tentacled starspawn (Abyss:3)
  5 thorn hunters
  11 greater nagas
  Roxanne (Snake:1)
  2 fire giants
  Maud (Lair:6)
  An orc warlord (Orc:2)
  A revenant (Vaults:2)
  3 frost giants
  2 vault wardens
  Aizul (Vaults:2)
  5 deep elf sorcerers
  A ghoul (Vaults:2)
  11 ironheart preservers
  3 stone giants
  A deep elf elementalist (Elf:3)
  3 very ugly things
  A vampire knight (Vaults:2)
  8 deep elf demonologists
  6 deep elf annihilators
  2 ettins (Vaults:4)
  An eidolon (Vaults:2)
  8 deep elf death magi
  A green death (Abyss:3)
  A minotaur (Lab)
  2 fire dragons (Elf:3)
  7 yaktaur captains
  Erolcha (D:12)
  3 deep elf high priests
  21 hydras
  5 great orbs of eyes
  The ghost of huiren the Carver, a journeyman HEIE of Uskayaw (Lair:2)
  12 ogre magi
  5 ice dragons
  A rakshasa (Vaults:1)
  3 death knights
  5 vault guards
  5 centaur warriors
  14 naga warriors
  A ghost crab (Swamp:4)
  24 anacondas
  22 dancing weapons
  10 orc high priests (Orc:2)
  11 alligators
  2 deep troll shamans
  17 naga sharpshooters
  A shock serpent (shapeshifter) (Vaults:3)
  9 shock serpents
  A fire crab (Vaults:2)
  4 spriggans
  A soul eater (Vaults:2)
  2 wretched stars (Abyss:3)
  Nergalle (Lair:2)
  25 deep elf knights
  2 shadow wraiths (Vaults:3)
  6 skeletal warriors (D:15)
  6 deep trolls
  8 salamander mystics
  3 swamp dragons
  2 unseen horrors
  A spriggan druid (Swamp:4)
  2 flayed ghosts
  62 deep elf magi
  10 naga ritualists
  4 shambling mangroves
  4 lindwurms (Snake:4)
  An iron dragon zombie (D:15)
  A phantasmal warrior (Vaults:2)
  20 deep elf archers
  5 ironbrand convokers
  5 orc knights
  6 harpies
  8 hill giants
  19 mana vipers
  5 wolf spiders
  Pikel (D:8)
  A shadow dragon skeleton (Vaults:3)
  5 necromancers
  2 hornets
  30 ugly things
  7 manticores
  4 orc sorcerers
  A tengu skeleton (Vaults:3)
  2 oklob plants (Swamp:2)
  2 large abominations
  A cyclops (shapeshifter) (Vaults:4)
  7 griffons
  7 cyclopes
  43 black mambas
  8 vault sentinels
  11 salamanders
  A fire giant skeleton (D:15)
  7 guardian serpents (Snake:4)
  A guardian serpent (shapeshifter) (Vaults:2)
  31 spiny frogs
  A black mamba (shapeshifter) (Vaults:1)
  9 elephants
  2 gargoyles
  A torpor snail (Lair:5)
  23 naga magi
  3 ice statues
  A storm dragon simulacrum (Vaults:3)
  Joseph (D:8)
  3 smoke demons (Abyss:3)
  3 rime drakes
  13 freezing wraiths
  A redback zombie (D:14)
  5 komodo dragons
  24 yaktaurs
  13 ice devils (IceCv)
  A demonic crawler (Abyss:3)
  3 ancient zymes (Abyss:3)
  2 tengu conjurers (D:15)
  A queen bee (shapeshifter) (D:14)
  A jumping spider (Vaults:2)
  11 giant leeches
  2 jumping spiders (shapeshifter)
  12 trolls
  2 wind drakes (shapeshifter)
  3 polar bears
  25 two-headed ogres
  A blink frog (Swamp:1)
  A raiju (Abyss:3)
  23 slime creatures
  10 bog bodies
  A spriggan zombie (D:15)
  A frost giant simulacrum (Vaults:3)
  A deep troll zombie (D:15)
  A hornet zombie (D:15)
  A centaur simulacrum (D:15)
  A fire giant simulacrum (Vaults:3)
  A vampire (Swamp:1)
  3 air elementals
  6 shadows
  A tarantella (Vaults:2)
  3 wraiths
  39 yaks
  A ynoxinul (Abyss:3)
  4 redbacks (Vaults:2)
  6 wyverns
  13 starcursed masses (Abyss:3)
  A human (shapeshifter) (Vaults:4)
  A chaos spawn (Abyss:3)
  4 basilisks
  A neqoxec (Abyss:3)
  14 water elementals
  50 vampire mosquitoes
  4 fire elementals
  8 hippogriffs
  2 steam dragons
  2 human simulacra
  2 swamp worm simulacra (Swamp:4)
  9 wargs
  Edmund (D:6)
  50 nagas
  3 soldier ants
  14 insubstantial wisps
  10 water moccasins
  2 hell hounds (Elf:3)
  Duvessa (D:4)
  35 orc warriors
  13 hydra simulacra (Swamp:4)
  21 swamp worms
  A slave (D:8)
  9 swamp drakes
  5 porcupines
  A sky beast (D:15)
  23 ice beasts
  A hornet simulacrum (D:14)
  2 eyes of draining
  An eye of draining (shapeshifter) (Elf:3)
  17 wasps
  An ettin simulacrum (Vaults:3)
  54 ogres
  2 black bears
  A phantom (D:6)
  A centaur (shapeshifter) (Vaults:1)
  A necrophage (D:13)
  10 centaurs
  15 crocodiles
  4 human zombies (Vaults:3)
  4 elf zombies (Elf:1)
  8 big kobolds
  25 giant frogs
  Dowan (D:4)
  4 earth elementals
  A water moccasin zombie (D:9)
  A wyvern skeleton (D:9)
  3 small abominations (Abyss:3)
  6 scorpions
  16 killer bees
  8 wights (D:10)
  A spriggan skeleton (Lab)
  A howler monkey (D:6)
  16 electric eels
  10 crimson imps
  A giant frog zombie (D:7)
  5 centaur zombies
  10 hounds
  7 jellies
  2 quasits
  3 centaur skeletons
  4 giant frog skeletons
  38 orc priests
  11 iguanas
  21 orc wizards
  23 worker ants
  2 sheep (D:11)
  3 hound skeletons
  A hound zombie (D:7)
  The ghost of Ultraviolent4 the Chopper, a weakling VSMo (D:3)
  Robin (D:2)
  8 gnolls
  A howler monkey skeleton (D:9)
  14 adders
  37 river rats
  A shadow imp (D:7)
  8 white imps
  6 ufetubi (IceCv)
  6 oozes
  6 swamp drake simulacra (Swamp:4)
  An adder zombie (D:8)
  3 adder skeletons
  3 worms
  A dart slug (D:1)
  6 giant geckos
  100 orcs
  2 ball pythons
  13 bats
  6 giant cockroaches
  21 goblins
  11 hobgoblins
  12 jackals
  6 quokkas
  4 giant newts
  21 kobolds
  11 rats
  A butterfly (D:10)
  A fungus (Swamp:2)
  2 starspawn tentacles (Abyss:3)
1890 creatures vanquished.

Vanquished Creatures (collateral kills)
  An elephant (Lair:6)
  3 giant frogs (Lair:6)
4 creatures vanquished.

Vanquished Creatures (others)
  2 deep elf master archers (Elf:3)
  2 deep elf elementalists (Elf:2)
  A dancing weapon (Elf:2)
  An ogre mage (Vaults:1)
  3 deep elf knights
  2 deep elf archers (Elf:3)
  A yaktaur (Vaults:4)
  A yak (Lair:5)
  A naga (Snake:4)
  A swamp worm (Swamp:4)
  2 slaves (D:8)
  A white imp (IceCv)
  4 ufetubi (IceCv)
  A briar patch (Swamp:2)
  23 fungi
  47 plants
  4 starspawn tentacles (Abyss:3)
  112 starspawn tentacle segments (Abyss:3)
  2 withered plants (D:15)
211 creatures vanquished.

Grand Total: 2105 creatures vanquished

Notes
Turn   | Place    | Note
-------+----------+-------------------------------------------
     0 | D:1      | AlphabetPasta the Draconian Fighter began the quest for the Orb.
     0 | D:1      | Reached XP level 1. HP: 19/19 MP: 1/1
   424 | D:1      | Reached XP level 2. HP: 26/26 MP: 2/2
   916 | D:2      | Reached XP level 3. HP: 14/31 MP: 3/3
   926 | D:2      | Reached skill level 1 in Throwing
  1341 | D:2      | Reached XP level 4. HP: 38/38 MP: 4/4
  1398 | D:2      | Found a shadowy altar of Dithmenos.
  2052 | D:2      | Noticed Robin
  2088 | D:2      | Killed Robin
  2111 | D:2      | Reached XP level 5. HP: 18/46 MP: 5/5
  3239 | D:3      | Noticed Ultraviolent4's ghost (weakling VSMo)
  3247 | D:3      | Killed Ultraviolent4's ghost
  3481 | D:4      | Noticed Duvessa
  3481 | D:4      | Noticed Dowan
  3535 | D:3      | Reached XP level 6. HP: 32/52 MP: 6/6
  3954 | D:4      | Found an ancient bone altar of Kikubaaqudgha.
  4054 | D:4      | Found a shattered altar of Ashenzari.
  4824 | D:4      | Reached skill level 5 in Polearms
  4824 | D:4      | Your scales start taking on a dull iron-grey colour.
  4824 | D:4      | Reached XP level 7. HP: 50/60 MP: 7/7
  4824 | D:4      | Gained mutation: You can survive without breathing. [Grey Draconian growth]
  5173 | D:4      | Killed Duvessa
  5188 | D:4      | Killed Dowan
  5484 | D:4      | Reached skill level 5 in Shields
  5545 | D:5      | Entered Level 5 of the Dungeon
  5550 | D:5      | Noticed Blork the orc
  5555 | D:5      | Noticed Blork
  5555 | D:5      | Blork the orc changed into Blork the steam dragon
  5559 | D:5      | Killed Blork the steam dragon
  5559 | D:5      | Reached skill level 5 in Fighting
  5559 | D:5      | Reached XP level 8. HP: 61/68 MP: 8/8
  6608 | D:6      | Noticed Edmund
  7024 | D:6      | Got a warped hand axe
  7067 | D:6      | Reached XP level 9. HP: 43/75 MP: 9/9
  7279 | D:6      | Reached skill level 1 in Spellcasting
  7295 | D:6      | Killed Edmund
  7301 | D:6      | Reached skill level 5 in Dodging
  7840 | D:7      | Found a snail-covered altar of Cheibriados.
  7840 | D:7      | Found a sparkling altar of Nemelex Xobeh.
  7841 | D:7      | Found an opulent altar of Gozag.
  7853 | D:7      | Found a bloodstained altar of Trog.
  7859 | D:7      | Found a staircase to the Ecumenical Temple.
  7868 | Temple   | Entered the Ecumenical Temple
  7928 | Temple   | Became a worshipper of Warmaster Okawaru
  8060 | D:7      | Got a faintly glowing flail
  8109 | D:7      | You fall through a shaft for 3 floors!
  8109 | D:10     | Entered Level 10 of the Dungeon
  8374 | D:10     | Noticed a troll
  8560 | D:10     | Reached * piety under Okawaru
  8690 | D:10     | Noticed a troll
  8702 | D:10     | Killed a troll
  8906 | D:10     | Noticed a hill giant
  8929 | D:9      | Reached XP level 10. HP: 33/86 MP: 13/13
  9435 | D:9      | Reached ** piety under Okawaru
  9740 | D:8      | Reached skill level 5 in Throwing
  9913 | D:8      | Noticed Joseph
  9937 | D:8      | Killed Joseph
  9937 | D:8      | Reached skill level 1 in Invocations
  9955 | D:8      | Learned a level 1 spell: Apportation
  9974 | D:7      | Identified the +7 hand axe of Salt {chop, rF+ Str+4} (You found it on level 6 of the Dungeon)
 10275 | D:7      | Found a deep blue altar of Sif Muna.
 10433 | D:7      | Found a radiant altar of Vehumet.
 10552 | D:8      | Noticed Pikel
 10564 | D:8      | Killed Pikel
 10584 | D:8      | Found a blossoming altar of Fedhas.
 10584 | D:8      | Found a hide-covered altar of Uskayaw.
 11112 | D:9      | Reached *** piety under Okawaru
 11758 | D:10     | Received a gift from Okawaru
 11765 | D:10     | Found a runed door.
 11981 | D:10     | Found a runed door.
 12066 | D:10     | Killed a hill giant
 12066 | D:10     | Reached **** piety under Okawaru
 12144 | D:10     | Found a staircase to the Lair.
 12188 | D:10     | Reached XP level 11. HP: 94/94 MP: 14/14
 12491 | D:11     | Reached skill level 10 in Polearms
 13070 | D:11     | Noticed a purple ugly thing
 13082 | D:11     | Noticed a hill giant
 13233 | D:11     | Noticed Sonja
 13270 | D:11     | Noticed Sonja
 13270 | D:11     | Sonja changed into Sonja the black bear
 13272 | D:11     | Killed Sonja the black bear
 13568 | D:11     | Killed a purple ugly thing
 13752 | D:11     | Found Yronlet's Assorted Antiques.
 14212 | D:11     | Reached ***** piety under Okawaru
 14249 | D:11     | Noticed a three-headed hydra
 14260 | D:11     | Killed a three-headed hydra
 14260 | D:11     | Received a gift from Okawaru
 15149 | D:11     | Killed a hill giant
 15149 | D:11     | Reached skill level 5 in Invocations
 15381 | D:11     | Noticed a frost giant
 15400 | D:11     | Killed a frost giant
 15702 | D:11     | Noticed an ice dragon
 15736 | D:11     | Killed an ice dragon
 15736 | D:11     | Received a gift from Okawaru
 15736 | D:11     | Reached XP level 12. HP: 30/104 MP: 10/16
 16440 | D:12     | Found a staircase to the Orcish Mines.
 16758 | D:12     | Identified a scroll of acquirement
 16788 | D:12     | Noticed a five-headed hydra
 16804 | D:12     | Killed a five-headed hydra
 16837 | D:12     | Noticed Erolcha
 16850 | D:12     | Killed Erolcha
 16850 | D:12     | Received a gift from Okawaru
 17500 | Lair:1   | Entered Level 1 of the Lair of Beasts
 17556 | Lair:1   | Found a labyrinth entrance.
 17590 | Lab      | Entered a labyrinth
 18208 | Lab      | Noticed a minotaur
 18224 | Lab      | Killed a minotaur
 18234 | Lab      | Got a heavily runed leather armour
 18501 | Lair:1   | Received a gift from Okawaru
 19010 | Lair:1   | Noticed a seven-headed hydra
 19020 | Lair:1   | Killed a seven-headed hydra
 19020 | Lair:1   | Reached skill level 10 in Fighting
 19453 | Lair:2   | Noticed Nergalle
 19635 | Lair:2   | Noticed a six-headed hydra
 19639 | Lair:2   | Killed a six-headed hydra
 19694 | Lair:2   | Noticed huiren's ghost (journeyman HEIE)
 19988 | Lair:2   | Killed huiren's ghost
 19988 | Lair:2   | Reached XP level 13. HP: 52/113 MP: 13/18
 20382 | Lair:2   | Killed Nergalle
 20858 | Lair:3   | Found a staircase to the Swamp.
 21041 | Lair:3   | Found a staircase to the Snake Pit.
 21065 | Lair:3   | Received a gift from Okawaru
 21790 | Lair:4   | Upgraded the game from 0.19-a0-853-g1231838 to 0.19-a0-856-g54f7fbd
 22992 | Lair:5   | Found a staircase to the Slime Pits.
 23038 | Lair:5   | Received a gift from Okawaru
 23441 | Lair:5   | Received a gift from Okawaru
 23441 | Lair:5   | Reached skill level 10 in Shields
 23939 | Lair:6   | Entered Level 6 of the Lair of Beasts
 23995 | Lair:6   | Noticed Maud
 24036 | Lair:6   | Killed Maud
 24089 | Lair:6   | Received a gift from Okawaru
 24129 | Lair:6   | Received a gift from Okawaru
 24492 | Lair:6   | Reached XP level 14. HP: 124/124 MP: 20/20
 25099 | Lair:6   | Received a gift from Okawaru
 25102 | Lair:6   | Got a jewelled hat {god gift}
 25113 | Lair:6   | Identified the +1 hat of Imiydut {rF+ MP+9 Str+4} (Okawaru gifted it to you on level 6 of the Lair of Beasts)
 26146 | Orc:1    | Entered Level 1 of the Orcish Mines
 27036 | Orc:2    | Entered Level 2 of the Orcish Mines
 27398 | Orc:2    | Found a staircase to the Elven Halls.
 27647 | Orc:2    | Reached skill level 10 in Dodging
 28172 | Orc:2    | Noticed an orc warlord
 28472 | Orc:2    | Killed an orc warlord
 28946 | Orc:2    | Found Pile's Food Shop.
 28946 | Orc:2    | Found Ullettic's Book Emporium.
 29076 | Orc:2    | Found a roughly hewn altar of Beogh.
 29094 | Orc:2    | Found Mubbom's Assorted Antiques.
 29094 | Orc:2    | Found Tededgh's Food Emporium.
 29361 | Orc:2    | Received a gift from Okawaru
 29641 | D:13     | Received a gift from Okawaru
 29641 | D:13     | Reached XP level 15. HP: 108/132 MP: 21/21
 29838 | D:13     | Upgraded the game from 0.19-a0-856-g54f7fbd to 0.19-a0-865-g5dee9ea
 30272 | D:14     | Found Zoobuyckos's Antique Weapon Emporium.
 30650 | D:14     | Received a gift from Okawaru
 30798 | D:14     | Found a gate to the Vaults.
 30868 | D:14     | Received a gift from Okawaru
 31035 | D:14     | Received a gift from Okawaru
 31035 | D:14     | Reached skill level 5 in Spellcasting
 31571 | D:14     | Received a gift from Okawaru
 32033 | D:15     | Entered Level 15 of the Dungeon
 32083 | D:15     | Reached skill level 10 in Throwing
 32090 | D:15     | Received a gift from Okawaru
 32113 | D:15     | Found a corrupted altar of Lugonu.
 32124 | D:15     | Learned a level 4 spell: Leda's Liquefaction
 32304 | D:15     | Reached skill level 1 in Earth Magic
 32934 | D:15     | Received a gift from Okawaru
 32937 | D:15     | Got a slimy buckler {god gift}
 32955 | D:15     | Identified the +2 buckler "Wibrer" {Regen+} (Okawaru gifted it to you on level 15 of the Dungeon)
 33708 | D:15     | Found a staircase to the Depths.
 34537 | Swamp:1  | Entered Level 1 of the Swamp
 34726 | Swamp:1  | Noticed a thorn hunter
 34900 | Swamp:1  | Killed a thorn hunter
 35271 | Swamp:1  | Reached XP level 16. HP: 124/141 MP: 25/25
 35514 | Swamp:1  | Reached skill level 5 in Earth Magic
 35981 | Swamp:2  | Noticed a thorn hunter
 35981 | Swamp:2  | Noticed a thorn hunter
 36062 | Swamp:2  | Killed a thorn hunter
 36083 | Swamp:2  | Killed a thorn hunter
 36413 | Swamp:2  | Noticed a thorn hunter
 36437 | Swamp:2  | Killed a thorn hunter
 37697 | Swamp:2  | Paralysed by a wasp for 2 turns
 37704 | Swamp:2  | Paralysed by a wasp for 1 turns
 38508 | Swamp:3  | Noticed Bai Suzhen
 38931 | Swamp:3  | Killed Bai Suzhen
 38931 | Swamp:3  | Received a gift from Okawaru
 39369 | Swamp:3  | Received a gift from Okawaru
 39843 | Swamp:4  | Entered Level 4 of the Swamp
 39899 | Swamp:4  | Noticed a thorn hunter
 39920 | Swamp:4  | Killed a thorn hunter
 39990 | Swamp:4  | Received a gift from Okawaru
 40612 | Swamp:4  | Received a gift from Okawaru
 41379 | Swamp:4  | Received a gift from Okawaru
 41572 | Swamp:4  | Received a gift from Okawaru
 41587 | Swamp:4  | Reached XP level 17. HP: 128/150 MP: 27/27
 42166 | Swamp:4  | Got a decaying rune of Zot
 42401 | Snake:1  | Entered Level 1 of the Snake Pit
 42619 | Snake:1  | Received a gift from Okawaru
 43198 | Snake:1  | Received a gift from Okawaru
 44647 | Snake:1  | Received a gift from Okawaru
 44647 | Snake:1  | Reached skill level 10 in Earth Magic
 44648 | Snake:1  | Noticed Roxanne
 44914 | Snake:1  | Killed Roxanne
 44922 | Snake:1  | Identified Roxanne's Almanac of Transformation (You took it off Roxanne on level 1 of the Snake Pit)
 44926 | Snake:1  | Learned a level 2 spell: Passwall
 44931 | Snake:1  | Learned a level 4 spell: Petrify
 45487 | Snake:2  | Received a gift from Okawaru
 47414 | Snake:2  | Noticed edsrzf's ghost (adept OgTm)
 48278 | Snake:3  | Got a coiled silver amulet
 48279 | Snake:3  | Identified the amulet of the Disturbing Wishes {RegenMP rElec MR+ Dex-4} (You acquired it on level 3 of the Snake Pit)
 48547 | Snake:3  | Reached XP level 18. HP: 99/161 MP: 30/30
 48862 | Snake:3  | Received a gift from Okawaru
 49217 | Snake:4  | Entered Level 4 of the Snake Pit
 50835 | Snake:4  | Reached ****** piety under Okawaru
 51121 | Snake:4  | Received a gift from Okawaru
 53862 | Snake:4  | Received a gift from Okawaru
 54507 | Snake:4  | Got a serpentine rune of Zot
 55067 | D:14     | Upgraded the game from 0.19-a0-865-g5dee9ea to 0.19-a0-867-g949743d
 55068 | Vaults:1 | Entered Level 1 of the Vaults
 55068 | Vaults:1 | Found a glowing silver altar of Zin.
 55177 | Vaults:1 | Noticed Asterion
 55183 | Vaults:1 | Killed Asterion
 55183 | Vaults:1 | Reached XP level 19. HP: 167/169 MP: 32/32
 55664 | Vaults:1 | Reached skill level 15 in Fighting
 57266 | Vaults:2 | Cast into level 3 of the Abyss (the power of Zot)
 57266 | Abyss:3  | Found a corrupted altar of Lugonu.
 57335 | Vaults:2 | Escaped the Abyss
 57374 | Vaults:2 | Received a gift from Okawaru
 57380 | Vaults:2 | Noticed Aizul
 57808 | Vaults:2 | Found a staircase to the Crypt.
 58253 | Vaults:2 | Noticed a lich
 58271 | Vaults:2 | Killed a lich
 58465 | Vaults:1 | Paralysed by an ogre mage for 4 turns
 58811 | Vaults:2 | Killed Aizul
 58811 | Vaults:2 | Reached skill level 10 in Spellcasting
 59471 | Vaults:2 | Reached skill level 15 in Earth Magic
 59831 | Vaults:2 | Received a gift from Okawaru
 60747 | Vaults:2 | Received a gift from Okawaru
 60786 | Vaults:2 | Upgraded the game from 0.19-a0-867-g949743d to 0.19-a0-878-gfe7e43f
 61144 | Vaults:3 | Found Ramuzat's General Store.
 61325 | Vaults:3 | HP: 2/170 [stone giant (35)]
 61809 | Vaults:3 | Received a gift from Okawaru
 62097 | Vaults:3 | Reached XP level 20. HP: 163/179 MP: 34/34
 63623 | Vaults:3 | Reached skill level 15 in Shields
 64287 | Vaults:4 | Found Pycem's Magic Scroll Shoppe.
 64294 | Vaults:4 | Bought a scroll of silence for 112 gold pieces
 64294 | Vaults:4 | Bought a scroll of silence for 112 gold pieces
 64763 | Vaults:4 | Received a gift from Okawaru
 64769 | Vaults:4 | Got a pitted demon trident {god gift}
 64777 | Vaults:4 | Identified the +7 demon trident "Kuviqy" {vamp, Int+2 Dex+2} (Okawaru gifted it to you on level 4 of the Vaults)
 64843 | Vaults:4 | Paralysed by an orc sorcerer for 3 turns
 65706 | Elf:1    | Entered Level 1 of the Elven Halls
 66142 | Elf:1    | Identified the Collected Works on Sinister Secrets (You found it on level 1 of the Elven Halls)
 66926 | Elf:2    | Received a gift from Okawaru
 66929 | Elf:2    | Got a faintly glowing demon trident {god gift}
 66930 | Elf:2    | Identified the +10 demon trident of Strategic Superiority {flame, Int+6} (Okawaru gifted it to you on level 2 of the Elven Halls)
 66971 | Elf:2    | Found Reoliazu's Weapon Boutique.
 67347 | Elf:2    | Found a radiant altar of Vehumet.
 67405 | Elf:2    | Reached skill level 15 in Polearms
 67527 | Elf:2    | Found a huge runed gate.
 67527 | Elf:2    | Found a huge runed gate.
 67527 | Elf:2    | Found a huge runed gate.
 67527 | Elf:2    | Found a huge runed gate.
 67532 | Elf:2    | Found a huge runed gate.
 67577 | Elf:2    | Reached XP level 21. HP: 189/189 MP: 35/35
 68143 | Elf:3    | Entered Level 3 of the Elven Halls
 68245 | Elf:3    | Paralysed by a sphinx for 6 turns
 68275 | Elf:3    | Received a gift from Okawaru
 68624 | Elf:3    | Found a frozen archway.
 68654 | IceCv    | Entered an ice cave
 69845 | Elf:2    | Received a gift from Okawaru
 69978 | Elf:3    | Gained mutation: You expend magic power (3 MP) to strengthen your wands. [a neqoxec]
 69981 | Elf:3    | Gained mutation: You are weak. (Str -2) [a neqoxec]
 69984 | Elf:3    | Gained mutation: You occasionally shout uncontrollably at your foes. [a neqoxec]
 70337 | Elf:3    | Received a gift from Okawaru
 70364 | Elf:2    | Lost mutation: You expend magic power (3 MP) to strengthen your wands. [potion of cure mutation]
 70364 | Elf:2    | Lost mutation: You occasionally shout uncontrollably at your foes. [potion of cure mutation]
 70364 | Elf:2    | Lost mutation: You are weak. (Str -2) [potion of cure mutation]
 70818 | Elf:3    | Received a gift from Okawaru
 71008 | Elf:3    | Got a crude trident {pierce}
 71011 | Elf:3    | Identified the cursed +0 trident "Xiaphing" {pierce, rElec rN+} (You took it off a deep elf knight on level 3 of the Elven Halls)
 71028 | Elf:3    | Reached XP level 22. HP: 197/201 MP: 36/36
 71029 | Elf:3    | Cast into level 3 of the Abyss (a deep elf demonologist)
 71081 | Abyss:3  | Found a corrupted altar of Lugonu.
 71128 | Abyss:3  | Reached skill level 15 in Dodging
 71344 | Abyss:3  | Paralysed by accursed screaming for 1 turns
 71418 | Abyss:3  | Paralysed by accursed screaming for 1 turns
 71427 | Abyss:3  | Paralysed by accursed screaming for 1 turns
 71441 | Abyss:3  | Killed from afar by a raiju

Vault maps used:
D:1:      ncdulo_watergridlock
D:2:      kennysheep_goblin_castle, nicolae_dithmenos_shadow_blocks
D:4:      nicolae_overflow_crystal_walls, first_bread, evilmike_ruin_ashenzari,
          uniq_duvessa
D:5:      uniq_blork_the_orc
D:6:      hangedman_decor_peaks_small, uniq_edmund
D:7:      lemuel_round_altar, nicolae_overflow_quartered_altars, tgw_sif
D:8:      amethyst_overflow_temple_binary, uniq_pikel, uniq_joseph
D:9:      minmay_misc_feat_columns
D:10:     lemuel_insect_pit, grunt_lair_entry_orc_guard_hut
D:11:     minmay_twisted_water, serial_shops, shop, hangedman_ranch, uniq_sonja
D:12:     orc_0_dummy, uniq_erolcha
D:14:     lightli_vaults_fourway_checkpoint, minmay_misc_feat_rows,
          serial_shops, shop
D:15:     gammafunk_depths_entry_grave, tgw_lugonu_bribe
Temple:   minmay_temple_bridge_abc
Lair:1:   lab_entry_generic, cheibrodos_lair_caveside_slide,
          infiniplex_staircase_pool, grunt_megastairs_1
Lair:2:   uniq_nergalle
Lair:3:   minmay_swamp_entry_worms, dummy_snake_entry, lemuel_fruit_tree,
          serial_bayou_shore_a, grunt_megastairs_3
Lair:5:   nicolae_slime_entry_slimehenge
Lair:6:   minmay_lair_end_frog_pond, serial_bayou_crossing, uniq_maud
Swamp:1:  nicolae_swamp_dense_foliage, swamp_pool2, cheibrodos_swamp_pet_leeches
Swamp:2:  nicolae_swamp_phyte_club, evilmike_swamp_ruin_house_3
Swamp:3:  nicolae_swamp_round_clearing, uniq_bai_suzhen
Swamp:4:  swamp_icy, swamp_pool2
Snake:1:  serial_bayou_shore_b, uniq_roxanne
Snake:2:  st_stairs_12
Snake:4:  snake_pit_salamanders_mu
Orc:2:    st_orc_town
Elf:1:    minmay_elf_necromancy
Elf:2:    serial_shops, shop, basic_altar
Elf:3:    elf_hall, special_room, portal_ice_cave_entry_pillars_four
Vaults:1: hangedman_vaults_stagger, ontoclasm_vaults_loading_screen, v_misc_15,
          ontoclasm_vaults_twist, ontoclasm_vaults_pinch,
          ontoclasm_vaults_gateway, basic_altar, uniq_asterion
Vaults:2: grunt_vaults_swirl, minmay_crypt_entry_simple_box, v_misc_31,
          uniq_aizul
Vaults:3: ontoclasm_vaults_ligature, grunt_vaults_hallway_short,
          vaults_dpeg_cross, v_rooms_2, v_misc_12, v_pattern_1,
          vaults_room_stairs_pillars, v_misc_22, v_misc_32, v_misc_28,
          nicolae_vaults_what_the_h, serial_shops,
          nicolae_shop_temple_entry_statues_fountains
Vaults:4: dpeg_vaults_monster_row, v_misc_18, nicolae_vaults_ring_of_whatevers,
          serial_ice_g, stair_cage_open, nicolae_vaults_arrows,
          vaults_dpeg_hooks, grunt_vaults_bifocal, vaults_room_door_ring,
          vaults_room_fours, serial_shops, shop
Abyss:3:  evilmike_abyss_exit_8, evilmike_abyss_exit_3
Lab:      nicolae_lab_checkerboard
IceCv:    ice_cave_small_demon

Skill      XL: |  1  2  3  4  5  6  7  8  9 10 11 12 13 14 15 16 17 18 19 20 21 22 |
---------------+-------------------------------------------------------------------+-----
Throwing       | 1 2 3 4 5 6 7 8 9 10 11 12 13 14 | 14.6
Polearms       | 3 4 5 7 8 9 11 12 13 14 15 | 15.2
Dodging        | 3 4 5 6 7 8 9 10 11 12 13 14 15 | 15.0
Shields        | 4 5 6 7 8 9 10 11 12 13 14 16 17 | 17.6
Fighting       | 4 5 6 7 8 9 10 11 12 13 14 15 16 17 | 17.9
Spellcasting   | 2 4 6 7 8 9 10 | 10.4
Invocations    | 3 5 6 8 |  8.4
Earth Magic    | 4 8 11 13 15 | 15.3

Action                   |  1- 3 |  4- 6 |  7- 9 | 10-12 | 13-15 | 16-18 | 19-21 | 22-24 || total
-------------------------+-------+-------+-------+-------+-------+-------+-------+-------++-------
Melee: Trident           |    86 |   324 |   456 |  1001 |  2745 |  2524 |  1788 |       ||  8924
       Tailslap          |     5 |    32 |    66 |   228 |   585 |   480 |   637 |    50 ||  2083
       Unarmed           |       |     8 |       |       |       |       |       |       ||     8
       Hand axe          |       |       |       |   160 |       |       |       |       ||   160
       Demon trident     |       |       |       |       |       |       |  1206 |   150 ||  1356
 Fire: Blowgun           |       |       |       |     6 |     5 |       |       |       ||    11
Throw: Tomahawk          |       |    13 |    38 |    23 |   273 |   384 |    11 |       ||   742
       Javelin           |       |       |       |    34 |    68 |   420 |   279 |       ||   801
 Cast: Apportation       |       |       |       |       |       |     5 |       |       ||     5
       Leda's Liquefacti |       |       |       |       |       |     1 |       |       ||     1
Invok: Heroism           |       |       |       |    15 |    29 |    18 |    10 |       ||    72
       Finesse           |       |       |       |     3 |    13 |     9 |     5 |       ||    30
Evoke: Wand              |       |     1 |     5 |    16 |     5 |     3 |     4 |     2 ||    36
  Use: Scroll            |       |       |    13 |    20 |    12 |     6 |    16 |       ||    67
       Potion            |       |       |     2 |     8 |     3 |     5 |    14 |     1 ||    33
 Stab: Sleeping          |       |     2 |     5 |     7 |     2 |     1 |    11 |       ||    28
       Distracted        |       |       |       |     1 |     2 |     4 |     4 |     2 ||    13
       Confused          |       |       |       |       |     1 |       |       |       ||     1
  Eat: Chunk             |     1 |    12 |    12 |    30 |    50 |    45 |    29 |     1 ||   180
       Beef jerky        |       |       |     1 |     1 |     1 |     3 |     1 |       ||     7
       Pizza             |       |       |       |     1 |       |       |       |       ||     1
       Meat ration       |       |       |       |     2 |       |       |     4 |     1 ||     7
       Royal jelly       |       |       |       |     1 |       |     1 |     1 |       ||     3
       Fruit             |       |       |       |     1 |       |     7 |     6 |       ||    14
Armor: Skin              |    27 |    92 |   136 |   183 |   305 |   376 |   321 |    11 ||  1451
Dodge: Dodged            |    36 |   128 |   230 |   394 |   971 |   848 |   829 |    47 ||  3483
Block: Shield            |    34 |   144 |   230 |   422 |  1118 |  1120 |   767 |       ||  3835
       Buckler           |       |       |       |       |    14 |       |       |       ||    14
       Large shield      |       |       |       |       |       |       |  1125 |   134 ||  1259
       Reflection        |       |       |       |       |       |       |    98 |     6 ||   104
